 Dungeon Crawl Stone Soup version 0.30-a0-568-g124715a40b (webtiles) character file.

Game seed: 2518868641819911116

454 bande the Covered (level 7, -1/66 HPs)
             Began as a Gargoyle Fighter on Dec 29, 2022.
             Slain by a gnoll sergeant
             ... wielding a +0 trident
              (4 damage)
             ... on level 5 of the Dungeon.
             The game lasted 00:05:59 (3876 turns).

bande the Covered (Gargoyle Fighter)                Turns: 3876, Time: 00:06:00

Health: -1/66      AC: 18    Str: 19    XL:     7   Next: 5%
Magic:  7/7        EV:  4    Int:  9    God:
Gold:   176        SH:  9    Dex: 11    Spells: 6/6 levels left

rFire   . . .      SeeInvis .    a - +0 war axe
rCold   . . .      Faith    +    e - +0 kite shield
rNeg    + . .      Spirit   .    k - +0 plate armour
rPois   ∞          Reflect  .    (no helmet)
rElec   +          Harm     .    (no cloak)
rCorr   .          Rampage  .    c - +0 pair of gloves
Will    .....                    (no boots) Stlth
                                 b - amulet of faith
HPRegen 0.31/turn                (no ring)
MPRegen 0.10/turn                (no ring)

@: berserking, flying, very quick
A: sickness immunity, AC +4, negative energy resistance 1, electricity
resistance, torment resistance 1, petrification resistance
a: no special abilities


You were on level 5 of the Dungeon.
You visited 1 branch of the dungeon, and saw 5 of its levels.

You collected 176 gold pieces.

Inventory:

Hand Weapons
 a - a +0 war axe (weapon)
Armour
 c - a +0 pair of gloves (worn)
 e - a +0 kite shield (worn)
 k - a +0 plate armour (worn)
Jewellery
 b - an amulet of faith (around neck)
Potions
 d - 2 potions of might
 f - 3 potions of mutation
 g - a potion of invisibility
 j - a potion of heal wounds {unknown}
 l - a potion of curing {unknown}


   Skills:
 + Level 4.3 Fighting
 + Level 4.5 Axes
 + Level 4.9 Armour
 - Level 0.1 Dodging
 - Level 0.3 Stealth
 + Level 4.8 Shields


You had 6 spell levels left.
You didn't know any spells.
Your spell library contained the following spells:

 Spells                   Type           Power      Damage    Failure   Level
 Summon Small Mammal      Summ           0%         N/A       100%        1
 Poisonous Vapours        Pois/Air       0%         N/A       100%        2
 Call Canine Familiar     Summ           0%         N/A       100%        3
 Mephitic Cloud           Conj/Pois/Air  0%         N/A       100%        3
 Summon Guardian Golem    Hex/Summ       0%         N/A       100%        3
 Vhi's Electric Charge    Tloc/Air       0%         N/A       100%        3
 Arcjolt                  Conj/Air       0%         1d10      100%        5
 Maxwell's Capacitive Co  Air            0%         ∞         100%        8
 Cigotuvi's Dreadful Rot  Necr/Pois/Air  Unusable   N/A       N/A         2

Dungeon Overview and Level Annotations

Branches:
Dungeon (5/15)
 Temple: D:4-7

Altars:
Ashenzari

Shops:
D:2 (


Innate Abilities, Weirdness & Mutations

You are immune to sickness and miasma.
Your stone body is resilient. (AC +4)
You are immune to poison.
You resist negative energy. (rN+)
You are resistant to electric shocks. (rElec)
You are resistant to unholy torment.
You are immune to petrification.


Message History

You block the ice beast's attack. The steam dragon bites you.
* * * LOW HITPOINT WARNING * * *
The steam dragon claws you but does no damage.
Unknown command.
You barely miss the steam dragon.
The steam dragon is heavily wounded.
You hit the ice beast.
You are engulfed in a cloud of scalding steam.
The ice beast is engulfed in a cloud of scalding steam.
You block the ice beast's attack.
The steam dragon bites you but does no damage.
You block the steam dragon's attack.
The steam dragon bites you but does no damage.
The steam dragon barely misses you.
The ice beast is engulfed in a cloud of scalding steam.
The ice beast hits you but does no damage.
You hit the steam dragon but do no damage.
The steam dragon is heavily wounded.
You slash the ice beast! You block the ice beast's attack.
The steam dragon bites you.
* * * LOW HITPOINT WARNING * * *
The steam dragon claws you but does no damage.
A gnoll comes into view. It is wielding a +0 halberd.
Unknown command.
Unknown command.
It was a potion of flight.
You feel very buoyant.
You fly up into the air.
The gnoll shouts!
The gnoll sergeant hits you from afar with a +0 trident.
* * * LOW HITPOINT WARNING * * *
The ice beast hits you but does no damage.
A gnoll comes into view. It is wielding a +0 spear.
You block the steam dragon's attack.
The steam dragon claws you but does no damage.
It was a potion of berserk rage.
A red film seems to cover your vision as you go berserk!
You feel yourself moving faster!
You feel mighty!
The gnoll sergeant hits you from afar with a +0 trident.
You die...

.g .g. #### ....
...##... #
#.....# #.
#..g..# ##.#
##D....#
#...##Y@....#
#.......####.$.
..#.....#
#.....##
#..##...# ## #..#
#..>#######..# .
..# #..#........#
. ##
#.###...####.####
# #.# #..##
##...####


You could see a steam dragon, an ice beast, a gnoll sergeant and 2 gnolls.

Vanquished Creatures
  Edmund (D:4)
  An ogre (D:5)
  2 hounds
  3 iguanas
  4 adders
  2 worms
  3 dart slugs
  4 endoplasms
  3 giant cockroaches
  7 goblins
  10 hobgoblins
  3 quokkas
  6 ball pythons
  8 bats
  2 frilled lizards (D:1)
  6 kobolds
  11 rats
76 creatures vanquished.

Notes
Turn   | Place    | Note
-------+----------+-------------------------------------------
     0 | D:1      | bande the Gargoyle Fighter began the quest for the Orb.
     0 | D:1      | Reached XP level 1. HP: 14/14 MP: 1/1
   164 | D:1      | Reached XP level 2. HP: 19/19 MP: 2/2
   182 | D:1      | Found a faded altar of an unknown god.
   361 | D:1      | Reached XP level 3. HP: 20/23 MP: 3/3
  1076 | D:2      | Found Ysaeceng's Antique Weapon Shop.
  1128 | D:2      | Reached XP level 4. HP: 14/28 MP: 4/4
  2723 | D:4      | Found a broken altar of Ashenzari.
  2737 | D:4      | Noticed Edmund
  2755 | D:4      | HP: 1/29 [Edmund/+2 dire flail of protection (3)]
  2759 | D:4      | Killed Edmund
  2760 | D:4      | Reached XP level 5. HP: 3/33 MP: 5/5
  2760 | D:4      | Reached XP level 6. HP: 3/38 MP: 6/6
  3749 | D:5      | Entered Level 5 of the Dungeon
  3774 | D:5      | Reached XP level 7. HP: 36/44 MP: 7/7
  3864 | D:5      | Noticed a steam dragon
  3875 | D:5      | HP: 2/44 [gnoll sergeant/+0 trident (5)]
  3876 | D:5      | Slain by a gnoll sergeant

Illustrated notes

Levels and vault maps discovered:
D:1:      amcnicky_arrival_blooded_trapdoor, layout_loops_ring,
          shapermc_ecumenical_altar_totnotflames, serial_rivers,
          chequers_serial_rivers_room_a, chequers_serial_rivers_micro_e,
          chequers_serial_rivers_micro_d, chequers_serial_rivers_marsh,
          chequers_serial_rivers_small_a, chequers_serial_rivers_micro_c,
          hangedman_decor_opposing
D:2:      layout_basic, serial_shops, shop
D:3:      layout_basic
D:4:      layout_cave_pods, ashenzari_altar_1, uniq_edmund
D:5:      layout_layer_cave, general_overflow_altar

Skill      XL: |  1  2  3  4  5  6 |
---------------+-------------------+-----
Axes           | 2 3 4 |  4.5
Armour         | 4 |  4.9
Shields        | 4 |  4.8
Fighting       | 4 |  4.3
Dodging        | |  0.1
Stealth        | |  0.3

Action                   |  1- 3 |  4- 6 |  7- 9 || total
-------------------------+-------+-------+-------++-------
Melee: War axe           |   110 |   151 |    10 ||   271
  Use: Scroll            |       |     9 |     1 ||    10
       Potion            |       |     1 |     2 ||     3
Armor: Scale mail        |    74 |     3 |       ||    77
       Plate armour      |       |    98 |    15 ||   113
Dodge: Dodged            |    50 |    19 |     2 ||    71
Block: Kite shield       |    52 |    72 |    14 ||   138

Table legend: (Time is in decaauts)
 A = Elapsed time spent in this place.
 B = Non-inter-level travel time spent in this place.
 C = Inter-level travel time spent in this place.
 D = Time resting spent in this place.
 E = Time spent auto-exploring this place.
 F = Levels seen in this place.
 G = Mean time per level.
                   A        B        C        D        E       F      G
               +--------+--------+--------+--------+--------+-----+--------+
         Total |   4023 |   3793 |    230 |    359 |   2603 |   5 |  804.6 |
       Dungeon |   4023 |   3793 |    230 |    359 |   2603 |   5 |  804.6 |
               +--------+--------+--------+--------+--------+-----+--------+

Top non-repeatable levels by time:
     D:4: 1062 daAuts
     D:1: 1033 daAuts
     D:2: 971 daAuts
     D:3: 818 daAuts
     D:5: 137 daAuts
